[Event "*** Titled Tuesday Blitz"]
[Site "Chess.com"]
[Date "2019.08.06"]
[Round "6"]
[White "payto1"]
[Black "MFguimaraes"]
[Result "1-0"]
[WhiteElo "2346"]
[BlackElo "2267"]
[TimeControl "180+2"]
[EndTime "14:20:22 PDT"]
[Termination "payto1 won by resignation"]

1. d4 Nf6 2. Bg5 Ne4 3. h4 c5 4. d5 Qb6 5. Nd2 Nxg5 6. hxg5 Qxb2 7. e4 e6 8. Rb1 Qxa2 9. Nc4 Qa4 10. Rh3 exd5 11.
exd5 d6 12. Ra3 Qd7 13. Nb6 axb6 14. Rxa8 Qc7 15. Bb5+ Kd8 16. Nf3 Be7 17. Kf1 h6 18. g6 fxg6 19. Qd3 Bf5 20. Qb3 h5 21. Bd3 h4 22. Qxb6 Qxb6 23. Rxb6 Bxd3+ 24. cxd3 Kc7 25. Rb3 h3 26. gxh3 Rxh3 27. Kg2 Rh5 28. Ra7 1-0

[Event "*** Titled Tuesday Blitz"]
[Site "Chess.com"]
[Date "2019.08.06"]
[Round "6"]
[White "BoboHead"]
[Black "warmoatmeal"]
[Result "1-0"]
[WhiteElo "2163"]
[BlackElo "2043"]
[TimeControl "180+2"]
[EndTime "14:20:26 PDT"]
[Termination "BoboHead won by resignation"]

1. e4 c5 2. Nf3 Nc6 3. Bb5 g6 4. Bxc6 dxc6 5. d3 Bg7 6. h3 Nf6 7. Nc3 Nd7 8. Be3 b6 9. Qd2 Nf8 10. Bh6 Bxh6 11. Qxh6 Ne6 12. Ne2 Nd4 13. Nexd4 cxd4 14. Qg7 Rf8 15. Ng5 Qd6 16. Nxh7 Qb4+ 17. Ke2 e6 18.
Qxf8+ Qxf8 19. Nxf8 Kxf8 20. f4 a5 21. e5 c5 22. g4 Bb7 23. Rh2 Kg8 24. h4 Kg7 25. h5 Rh8 26. Rg1 a4 27. a3 Bd5 28.
Rg3 b5 29. Rgh3 g5 30. fxg5 b4 31. Rf2 bxa3 32. bxa3 Rb8 33. h6+ Kg8 34. h7+ Kg7 35. h8=Q+ Rxh8 36. Rxh8 1-0

[Event "*** Titled Tuesday Blitz"]
[Site "Chess.com"]
[Date "2019.08.06"]
[Round "6"]
[White "Bladel"]
[Black "Frolik67"]
[Result "1-0"]
[WhiteElo "2456"]
[BlackElo "2611"]
[TimeControl "180+2"]
[EndTime "14:20:28 PDT"]
[Termination "Bladel won by resignation"]

1. e4 e6 2. Nf3 d5 3. e5 c5 4.
b4 cxb4 5. a3 Nc6 6. d4 f6 7. axb4 Bxb4+ 8. c3 Ba5 9. Ba3 Bc7 10. Bd3 fxe5 11. dxe5 Bxe5 12. Nxe5 Nxe5 13. Qh5+ Nf7 14. O-O Nf6 15. Bb5+ Bd7 16. Re1 Bxb5 17. Rxe6+ Kd7 18. Qxf7+ Kc8 19. Bd6 Bd7 20. Re7 Re8 21. Qxg7 Ng8 22. Rxe8 Qxe8 23. Nd2 b6 24. Nf3 Qg6 25.
Qe5 Nf6 26. Nd4 Kb7 27. Qe2 a5 28. c4 Qe4 29. Qb2 Re8 30. Nf3 Nh5 31. c5 Qb4 32.
c6+ 1-0

[Event "*** Titled Tuesday Blitz"]
[Site "Chess.com"]
[Date "2019.08.06"]
[Round "6"]
[White "Iyael"]
[Black "tonyq11"]
[Result "1-0"]
[WhiteElo "2162"]
[BlackElo "2210"]
[TimeControl "180+2"]
[EndTime "14:20:32 PDT"]
[Termination "Iyael won by checkmate"]

1. e4 c5 2. c3 Nf6 3. e5 Nd5 4. d4 cxd4 5. Nf3 e6 6. cxd4 Nc6 7. Bc4 d6 8. O-O Be7 9. Qe2 O-O 10. Nc3 dxe5 11. dxe5 Nxc3 12. bxc3 Qc7 13. Bd2 b6 14.
Rfe1 Bb7 15. Rad1 Rfd8 16. Bd3 h6 17. Bb1 Na5 18. Nd4 Bf8 19. Qd3 g6 20. Qh3 h5 21.
Re3 Nc4 22. Rg3 Nxd2 23. Rxd2 Bg7 24. f4 Qc5 25. Bxg6 fxg6 26. Qxe6+ Kh8 27. Qxg6 Qe7 28.
Nf5 Rxd2 29. Nxe7 Rxg2+ 30. Rxg2 Bxg2 31. Qxg2 Re8 32. Nf5 Rg8 33. Kf1 Bxe5 34. Qf3 Bf6 35. Qxh5# 1-0

[Event "*** Titled Tuesday Blitz"]
[Site "Chess.com"]
[Date "2019.08.06"]
[Round "6"]
[White "RegZryt"]
[Black "OparinGrigoriy"]
[Result "0-1"]
[WhiteElo "2601"]
[BlackElo "2981"]
[TimeControl "180+2"]
[EndTime "14:20:38 PDT"]
[Termination "OparinGrigoriy won by resignation"]

1. e4 c6 2. d4 d5 3. e5 c5 4. Nf3 cxd4 5. Nxd4 e6 6. c4 Nc6 7. Nc3 Bc5 8. Nb3 Bb4 9. cxd5 exd5 10. Bb5 Ne7 11. O-O O-O 12. Bg5 Be6 13. Qe2 h6 14. Bh4 Qc7 15. Bxc6 Nxc6 16. Bg3 Rad8 17. Nb5 Qb6 18.
Rfd1 d4 19. Nd6 a5 20. Nd2 Nxe5 21. Bxe5 Bxd6 22. Nf3 Bxe5 23. Qxe5 d3 24. Rd2 Rd5 25.
Qc3 Rc8 26. Qa3 Rc2 27. Rad1 Bg4 28. Qe7 Bxf3 29. gxf3 Rxd2 30. Rxd2 Qc6 0-1

[Event "*** Titled Tuesday Blitz"]
[Site "Chess.com"]
[Date "2019.08.06"]
[Round "6"]
[White "Vadim_Biliy"]
[Black "HrvojeZagreb"]
[Result "1/2-1/2"]
[WhiteElo "2212"]
[BlackElo "2059"]
[TimeControl "180+2"]
[EndTime "14:20:47 PDT"]
[Termination "Game drawn by repetition"]

1. d4 e6 2. Nf3 f5 3. Bg5 Be7 4. Bxe7 Qxe7 5. Nc3 d6 6. e4 fxe4 7. Nxe4 Nf6 8. Bd3 Nc6 9. O-O O-O 10. c3 e5 11. dxe5 Nxe5 12. Nxf6+ Qxf6 13. Nxe5 Qxe5 14. Qc2 Bf5 15. Rae1 Bxd3 16. Qxd3 Qc5 17. b4 Qc6 18.
Re7 Rae8 19. Rfe1 Rxe7 20. Rxe7 Re8 21. Rxe8+ Qxe8 22. g3 Qe6 23. a4 a6 24. Kg2 c6 25.
h4 d5 26. a5 h5 27. Qf3 g6 28. Qf4 Kg7 29. Qc7+ Qf7 30. Qe5+ Qf6 31. Qc7+ Qf7 32.
Qd6 Qf6 33. Qc7+ Qf7 1/2-1/2

[Event "*** Titled Tuesday Blitz"]
[Site "Chess.com"]
[Date "2019.08.06"]
[Round "6"]
[White "AndrewMaco"]
[Black "Sanan_Sjugirov"]
[Result "1-0"]
[WhiteElo "2615"]
[BlackElo "2876"]
[TimeControl "180+2"]
[EndTime "14:20:50 PDT"]
[Termination "AndrewMaco won by resignation"]

1. e4 c6 2. d4 d5 3. e5 Bf5 4. Nf3 e6 5. Be2 Ne7 6. c3 h6 7. O-O Nd7 8. Nbd2 c5 9. c4 a6 10. Re1 Rc8 11. b3 dxc4 12. Nxc4 Nd5 13. Bb2 Be7 14. dxc5 Nxc5 15. Nd6+ Bxd6 16. exd6 O-O 17. Qd4 f6 18. Nh4 Be4 19. Bc4 b5 20. Rxe4 bxc4 21. bxc4 Nxe4 22. Qxe4 Nb6 23. Qxe6+ Kh7 24. Qf5+ Kg8 25. c5 Na4 26. Bd4 Re8 27. d7 1-0

[Event "*** Titled Tuesday Blitz"]
[Site "Chess.com"]
[Date "2019.08.06"]
[Round "6"]
[White "Airquake"]
[Black "riconaipe"]
[Result "0-1"]
[WhiteElo "2606"]
[BlackElo "2461"]
[TimeControl "180+2"]
[EndTime "14:20:50 PDT"]
[Termination "riconaipe won on time"]

1. g3 d5 2. Bg2 c6 3. Nf3 Nf6 4. O-O Bg4 5. d3 Nbd7 6. b3 e6 7. Bb2 Be7 8. Nbd2 O-O 9. e4 a5 10. a4 b5 11. h3 Bh5 12. e5 Ne8 13. g4 Bg6 14. Qe2 bxa4 15. Rxa4 Nc5 16. Ra2 a4 17. Rfa1 Nc7 18. b4 N5a6 19. c3 c5 20. Rxa4 cxb4 21.
d4 Qc8 22. Bf1 Rb8 23. Rxa6 Nxa6 24. Qxa6 bxc3 25. Bc1 Qxa6 26. Rxa6 cxd2 27. Bxd2 Rb1 28. Ra3 Bxa3 0-1

[Event "*** Titled Tuesday Blitz"]
[Site "Chess.com"]
[Date "2019.08.06"]
[Round "6"]
[White "AbasovN"]
[Black "raviteja81293"]
[Result "1-0"]
[WhiteElo "2873"]
[BlackElo "2604"]
[TimeControl "180+2"]
[EndTime "14:20:51 PDT"]
[Termination "AbasovN won by checkmate"]

1. e4 c6 2. d4 d5 3. exd5 cxd5 4. Bd3 Nf6 5. c3 Bg4 6. Qb3 Qc7 7. Na3 Nc6 8. Ne2 e6 9. Bf4 Qd7 10. Ng3 Nh5 11. Nxh5 Bxh5 12. O-O Bg6 13. Rad1 Be7 14. Rfe1 O-O 15. Bxg6 hxg6 16. Rd3 Na5 17. Qd1 Bxa3 18.
bxa3 Nc6 19. h4 Ne7 20. h5 Rfc8 21. Rh3 Rc6 22. h6 gxh6 23. Be5 Kh7 24. Rxh6+ Kxh6 25. Qg4 g5 26. f4 Rg8 27. Re3 f5 28. Rh3+ Kg6 29.
Qh5# 1-0

[Event "*** Titled Tuesday Blitz"]
[Site "Chess.com"]
[Date "2019.08.06"]
[Round "6"]
[White "TijanaBlagojevic"]
[Black "SoCalJuniorChess"]
[Result "1-0"]
[WhiteElo "2310"]
[BlackElo "1859"]
[TimeControl "180+2"]
[EndTime "14:20:52 PDT"]
[Termination "TijanaBlagojevic won by checkmate"]

1. e4 g6 2. d4 Bg7 3. Nc3 d6 4. Nf3 Nd7 5. Be2 c5 6. d5 Ne5 7. Nd2 Nf6 8. h3 O-O 9. f4 Ned7 10. O-O Rb8 11. a4 a6 12. a5 e6 13.
dxe6 fxe6 14. Nc4 d5 15. exd5 exd5 16. Nxd5 Nxd5 17. Qxd5+ Kh8 18. c3 Qh4 19. Nd6 Nf6 20.
Nf7+ Kg8 21. Nh6+ Kh8 22. Nf7+ Kg8 23. Qb3 Rxf7 24. Bc4 Bxh3 25. Bxf7+ Kf8 26. Be6 Bxe6 27. Qxe6 Ng4 28. Qd6+ Kf7 29. Qc7+ Kf6 30. f5 Rc8 31. fxg6+ Ke6 32. Qf7+ Kd6 33. Rd1+ Kc6 34. Qd7# 1-0

[Event "*** Titled Tuesday Blitz"]
[Site "Chess.com"]
[Date "2019.08.06"]
[Round "6"]
[White "Vnebo"]
[Black "albi1999"]
[Result "1-0"]
[WhiteElo "2693"]
[BlackElo "2485"]
[TimeControl "180+2"]
[EndTime "14:20:54 PDT"]
[Termination "Vnebo won by resignation"]

1. e4 e5 2. Nf3 Nc6 3. Bb5 a6 4. Bxc6 dxc6 5. Nc3 f6 6. d4 exd4 7. Nxd4 c5 8. Nde2 Qxd1+ 9. Nxd1 Bd7 10. Bf4 O-O-O 11. Ne3 Bc6 12. Nc3 Ne7 13. Bg3 Ng6 14. Ncd5 Bd6 15. O-O-O Rhe8 16. f3 Ne5 17. Nf5 Bf8 18.
Nfe3 b6 19. h4 Kb7 20. h5 h6 21. Bxe5 Rxe5 22. g4 b5 23. Nf4 Rxd1+ 24. Rxd1 Bd6 25. Ng6 Re8 26. Nf5 Bf8 27. Nxf8 Rxf8 28. Nxg7 c4 29. Nf5 Rg8 30. Kd2 Rh8 31. Ke3 Kb6 32. Ne7 b4 33. Rd4 c3 34. Rxb4+ Kc5 1-0

[Event "*** Titled Tuesday Blitz"]
[Site "Chess.com"]
[Date "2019.08.06"]
[Round "6"]
[White "Gubajdullin"]
[Black "HomayoonTofighi"]
[Result "0-1"]
[WhiteElo "2608"]
[BlackElo "2850"]
[TimeControl "180+2"]
[EndTime "14:20:55 PDT"]
[Termination "HomayoonTofighi won by resignation"]

1. d4 Nf6 2. Bf4 e6 3. e3 c5 4. Nd2 cxd4 5. exd4 b6 6. c3 Bb7 7. Ngf3 d6 8. Bb5+ Nbd7 9. a4 a6 10. Bd3 Be7 11. O-O O-O 12. Re1 Re8 13. Nc4 Nf8 14.
Nfd2 Nd5 15. Bg3 b5 16. Ne3 Nxe3 17. fxe3 Bc6 18. axb5 axb5 19. Rxa8 Qxa8 20. e4 Ng6 21. Rf1 e5 22. Qb3 Bf6 23. Bxb5 exd4 24. Bc4 Re7 25. Bxd6 Rd7 26. e5 dxc3 27. bxc3 Nxe5 28. Bxe5 Rxd2 29. Bxf7+ Kh8 30. Rxf6 Rxg2+ 31. Kf1 Qa1+ 0-1

[Event "*** Titled Tuesday Blitz"]
[Site "Chess.com"]
[Date "2019.08.06"]
[Round "6"]
[White "champ2005"]
[Black "Durarbayli"]
[Result "0-1"]
[WhiteElo "2870"]
[BlackElo "2811"]
[TimeControl "180+2"]
[EndTime "14:20:58 PDT"]
[Termination "Durarbayli won by resignation"]

1. e4 e5 2. Nf3 Nc6 3. Bb5 a6 4.
Ba4 Nf6 5. O-O b5 6. Bb3 Bc5 7. c3 d6 8. d4 Bb6 9. a4 Rb8 10.
axb5 axb5 11. h3 O-O 12. Bg5 h6 13. Bh4 exd4 14. cxd4 g5 15. Nxg5 hxg5 16. Bxg5 Nxd4 17. Nc3 Be6 18. Ba2 Kg7 19. e5 dxe5 20. Ne4 Nxe4 21. Bxd8 Rbxd8 22. Bxe6 Nxe6 23. Qg4+ N6g5 24. Qf5 Rd2 25.
h4 Rxf2 26. Qxe5+ f6 27. Qe7+ Rf7 28. Qe8 Rf4+ 0-1

[Event "*** Titled Tuesday Blitz"]
[Site "Chess.com"]
[Date "2019.08.06"]
[Round "6"]
[White "aquaticpineapples"]
[Black "SergeiAza"]
[Result "0-1"]
[WhiteElo "2154"]
[BlackElo "2786"]
[TimeControl "180+2"]
[EndTime "14:21:02 PDT"]
[Termination "SergeiAza won by resignation"]

1. d4 Nf6 2. Nf3 e6 3. Nbd2 d5 4. e3 Be7 5. Bd3 O-O 6. b3 c5 7.
Bb2 Nc6 8. a3 b6 9. Ne5 Bb7 10. O-O Nxe5 11. dxe5 Ne4 12. Nxe4 dxe4 13. Bc4 Qc7 14. Qe2 Rad8 15. Rfd1 g6 16. a4 h5 17. a5 Rxd1+ 18. Rxd1 Rd8 19. axb6 axb6 20. Rd2 Bc6 21.
Qd1 Ra8 22. Qb1 Bf8 23. Qd1 Bg7 24. Rd6 Ra2 25. Qb1 Rxb2 26. Qxb2 Qxd6 27. exd6 Bxb2 28.
Ba6 Be5 29. Bb7 Bxb7 30. d7 Bc7 0-1

[Event "*** Titled Tuesday Blitz"]
[Site "Chess.com"]
[Date "2019.08.06"]
[Round "6"]
[White "olksuna"]
[Black "m3alam"]
[Result "0-1"]
[WhiteElo "2540"]
[BlackElo "2337"]
[TimeControl "180+2"]
[EndTime "14:21:10 PDT"]
[Termination "m3alam won on time"]

1. c4 c6 2. Nf3 d5 3. e3 Nf6 4. Nc3 g6 5. b3 Bg7 6. Bb2 O-O 7.
d4 Bg4 8. Be2 Ne4 9. O-O Nd7 10.
Nxe4 dxe4 11. Ng5 Bf5 12. g4 e5 13. gxf5 Qxg5+ 14. Kh1 exd4 15. Bxd4 Ne5 16. fxg6 fxg6 17.
Qc2 Qh4 18. f4 exf3 19. Bd3 Ng4 20. Bxg7 Kxg7 21. Qb2+ Kh6 22. e4 f2 23. Qd2+ g5 0-1

[Event "*** Titled Tuesday Blitz"]
[Site "Chess.com"]
[Date "2019.08.06"]
[Round "6"]
[White "tigra"]
[Black "GHANDEEVAM2003"]
[Result "1-0"]
[WhiteElo "2787"]
[BlackElo "2935"]
[TimeControl "180+2"]
[EndTime "14:21:13 PDT"]
[Termination "tigra won by resignation"]

1. e4 c5 2. b4 cxb4 3. a3 d5 4. exd5 Qxd5 5. Nf3 e5 6. c4 bxc3 7. Nxc3 Qe6 8. Bb5+ Bd7 9. O-O Be7 10. Re1 Nc6 11. d4 Qd6 12. Bxc6 Bxc6 13. Nxe5 Nf6 14. Bf4 Nd5 15. Nxc6 Qxc6 16. Nxd5 Qxd5 17. Qe2 Qe6 18. Qb5+ Qd7 19. Qb4 Kd8 20. Rxe7 Qxe7 21. Qa5+ Kd7 22. Re1 Rhc8 23. Rxe7+ Kxe7 24. h4 Rc6 25. Qb4+ Kf6 26. Qxb7 Rac8 27. Kh2 h6 28. Be5+ Kg6 29. d5 Rc5 30. Qb1+ f5 31. Qb7 Rg8 32. Qd7 Kh7 33. Qxf5+ Kh8 34. Qg6 Rc6 35. dxc6 1-0

[Event "*** Titled Tuesday Blitz"]
[Site "Chess.com"]
[Date "2019.08.06"]
[Round "6"]
[White "Genghis_K"]
[Black "KazakhFighter04"]
[Result "1-0"]
[WhiteElo "2887"]
[BlackElo "2744"]
[TimeControl "180+2"]
[EndTime "14:21:15 PDT"]
[Termination "Genghis_K won by resignation"]

1. e4 c5 2. Nf3 Nc6 3. Bb5 g6 4. Bxc6 dxc6 5. d3 Bg7 6. h3 Nf6 7. Nc3 Nd7 8. Be3 e5 9. Qd2 h6 10. O-O b6 11. Nh2 Nf8 12. f4 exf4 13. Bxf4 Ne6 14.
Bg3 Nd4 15. e5 Bf5 16. Rae1 O-O 17. Ne4 Bxe4 18. Rxe4 Qd5 19. Ng4 Nf5 20. Rxf5 gxf5 21. Nf6+ Bxf6 22. exf6 Kh7 23. Rh4 f4 24. Bxf4 h5 25. c4 Qd4+ 26. Kh2 Rh8 27. Rxh5+ Kg8 28. Rg5+ Kf8 29. Be5 Qd7 30. Qe3 Re8 31. Rg8+ Rxg8 32.
Qh6+ 1-0

[Event "*** Titled Tuesday Blitz"]
[Site "Chess.com"]
[Date "2019.08.06"]
[Round "6"]
[White "giantslayer83"]
[Black "AntonSmirnov"]
[Result "0-1"]
[WhiteElo "2652"]
[BlackElo "2874"]
[TimeControl "180+2"]
[EndTime "14:21:15 PDT"]
[Termination "AntonSmirnov won by resignation"]

1. d4 d5 2. c4 c6 3. Nf3 Nf6 4. Nc3 dxc4 5. a4 Bf5 6. e3 e6 7.
Bxc4 Bb4 8. O-O O-O 9. Qe2 Nbd7 10. e4 Bg6 11. Bd3 Bh5 12. Be3 e5 13. h3 Bxf3 14.
Qxf3 Qe7 15. Qe2 Rad8 16. dxe5 Nxe5 17. Bc2 Bc5 18. Bg5 h6 19. Bh4 g5 20. Bg3 Ng6 21. Kh1 Bd6 22. e5 Nxe5 23. Rae1 Rfe8 24. f4 Ned7 25.
Qf3 Qf8 26. fxg5 hxg5 27. Bxd6 Qxd6 28. Ne4 Rxe4 29. Bxe4 Kg7 30. Bf5 Nb6 31. a5 Nbd5 32.
Bb1 Rh8 33. Qxf6+ Nxf6 34. Rd1 Qb4 35. Rf5 Rh5 36. Rdf1 Qxb2 37. Bd3 g4 38. R5f2 Qd4 39. Be2 Rh6 40. Bxg4 Qxg4 41. Rxf6 Rxf6 42. Rxf6 Qd1+ 0-1

[Event "*** Titled Tuesday Blitz"]
[Site "Chess.com"]
[Date "2019.08.06"]
[Round "6"]
[White "Korchmar_Vasiliy"]
[Black "belisarius64"]
[Result "1-0"]
[WhiteElo "2674"]
[BlackElo "2639"]
[TimeControl "180+2"]
[EndTime "14:21:16 PDT"]
[Termination "Korchmar_Vasiliy won by resignation"]

1. d4 Nf6 2. c4 g6 3. Nc3 d5 4. cxd5 Nxd5 5. e4 Nxc3 6. bxc3 Bg7 7. Bc4 c5 8. Ne2 Nc6 9. Be3 O-O 10. O-O b6 11. e5 cxd4 12. cxd4 Bb7 13. f4 Nb4 14. f5 Rc8 15. Bb3 gxf5 16. Ng3 e6 17. Qh5 Nc2 18. Bxc2 Rxc2 19. Ne2 Qd5 20. Rf2 Rfc8 21. Raf1 Qxa2 22. Nf4 Rxf2 23. Bxf2 Ba6 24. Re1 Qd2 25. Qh4 Bb7 26. Nh5 Be4 27. h3 Qh6 28. Re3 Kh8 29. Rg3 Bf8 30. Nf6 Be7 31. Qxh6 1-0

[Event "*** Titled Tuesday Blitz"]
[Site "Chess.com"]
[Date "2019.08.06"]
[Round "6"]
[White "AminMolaei"]
[Black "KhazarBabazada"]
[Result "0-1"]
[WhiteElo "2550"]
[BlackElo "2824"]
[TimeControl "180+2"]
[EndTime "14:21:18 PDT"]
[Termination "KhazarBabazada won by resignation"]

1. d4 Nf6 2. c4 g6 3. Nc3 d5 4.
Bg5 Ne4 5. Bh4 Nxc3 6. bxc3 Bg7 7. e3 O-O 8. Nf3 c5 9. Be2 Nc6 10. cxd5 Qxd5 11. O-O Rd8 12. Qb3 Qxb3 13. axb3 cxd4 14. cxd4 Be6 15. Bc4 Bd5 16. Rfc1 Rac8 17. Nd2 h6 18.
Bxd5 Rxd5 19. Ne4 f5 20. Nc3 Rd7 21. Na4 b6 22. Bg3 Rdd8 23. Rab1 Nb4 24. Rc4 Nd5 25.
Rbc1 Rxc4 26. bxc4 Rc8 27. c5 b5 28. Nb2 f4 29. Bxf4 Nxf4 30. exf4 Bxd4 31. Nd3 a5 32.
Kf1 Kf7 33. Ke2 Ke6 34. c6 Kd6 35. Ne5 Bxe5 36. fxe5+ Kd5 37. c7 a4 38. f4 b4 39. Kd3 a3 40. g4 b3 0-1

[Event "*** Titled Tuesday Blitz"]
[Site "Chess.com"]
[Date "2019.08.06"]
[Round "6"]
[White "Chigorinetz"]
[Black "valeriocarnicelli"]
[Result "0-1"]
[WhiteElo "2608"]
[BlackElo "2433"]
[TimeControl "180+2"]
[EndTime "14:21:25 PDT"]
[Termination "valeriocarnicelli won by resignation"]

1. e4 e5 2. Bc4 Nc6 3. Nc3 Nf6 4. d3 Bc5 5. f4 d6 6. Nf3 Bg4 7.
Na4 O-O 8. Nxc5 dxc5 9. O-O Qd6 10. h3 Bxf3 11. Qxf3 b5 12. Bb3 c4 13. dxc4 bxc4 14.
Ba4 Nd4 15. Qd1 Nxe4 16. Be3 Ng3 17. fxe5 Nde2+ 18. Kf2 Qxe5 19. Qd2 Ne4+ 20. Kxe2 Nxd2 21. Kxd2 Rad8+ 22. Ke2 Rfe8 23. Bxe8 Rxe8 24. Rf3 Qxb2 25. Rd1 c3 26. Rd7 Qxc2+ 27. Kf1 Qxa2 28. Rxc7 c2 29. Kg1 h6 30. Kh2 a5 31. Bd4 Qd5 32. Bf2 Qd6+ 33. Bg3 Qxc7 0-1

[Event "*** Titled Tuesday Blitz"]
[Site "Chess.com"]
[Date "2019.08.06"]
[Round "6"]
[White "leclash"]
[Black "norwaytoadog"]
[Result "1-0"]
[WhiteElo "2203"]
[BlackElo "2239"]
[TimeControl "180+2"]
[EndTime "14:21:27 PDT"]
[Termination "leclash won by resignation"]

1. d4 Nf6 2. c4 e6 3. Nc3 Bb4 4.
Qc2 O-O 5. e4 Bxc3+ 6. bxc3 d6 7. f4 e5 8. Bd3 Re8 9. fxe5 dxe5 10. d5 c6 11. Bg5 h6 12. Bh4 g5 13. Bf2 cxd5 14.
cxd5 Nxd5 15. exd5 e4 16. Bc4 Qc7 17. Bb3 e3 18. Bg3 Qa5 19. Ne2 Bg4 20. h4 Bxe2 21.
Kxe2 Qa6+ 22. Qd3 Qf6 23. Raf1 Qg7 24. d6 Rf8 25. hxg5 Qxg5 26. Bf4 Qxg2+ 27. Ke1 Nc6 28. Rfg1 1-0

[Event "*** Titled Tuesday Blitz"]
[Site "Chess.com"]
[Date "2019.08.06"]
[Round "6"]
[White "Rhemmy"]
[Black "farzadbfd"]
[Result "0-1"]
[WhiteElo "2504"]
[BlackElo "2665"]
[TimeControl "180+2"]
[EndTime "14:21:31 PDT"]
[Termination "farzadbfd won by resignation"]

1. e4 e5 2. Nf3 Nc6 3. Bb5 a6 4. Ba4 Nf6 5. O-O b5 6. Bb3 Bc5 7. c3 d6 8. a4 Bb7 9. d3 Bb6 10.
Nbd2 Ne7 11. h3 O-O 12. Re1 Ng6 13. Nf1 d5 14. Qe2 dxe4 15. dxe4 Bxe4 16. Ng3 Bd3 17.
Qd1 e4 18. Ng5 Qe7 19. axb5 h6 20. Nf5 Qc5 21. Nxh6+ gxh6 22. Be3 Qxb5 23. Nxf7 Rxf7 24. Bxb6 Qxb6 25. Bxf7+ Kxf7 26. Qd2 Kg7 27. Ra4 Rf8 28. Rd4 c5 29. Ra4 Nd5 30. Raa1 c4 31. Rf1 Ndf4 32.
Rfe1 Nh4 33. Re3 Nfxg2 34. Rg3+ Kh7 35. Ra4 Nf3+ 36. Rxf3 exf3 37. Rb4 Qg6 38. Rb7+ Rf7 39. Rxf7+ Qxf7 40. Qf4 Qxf4 0-1

[Event "*** Titled Tuesday Blitz"]
[Site "Chess.com"]
[Date "2019.08.06"]
[Round "6"]
[White "Nakachuk"]
[Black "KacperPolOK"]
[Result "1-0"]
[WhiteElo "2659"]
[BlackElo "2425"]
[TimeControl "180+2"]
[EndTime "14:21:37 PDT"]
[Termination "Nakachuk won by resignation"]

1. d4 e6 2. Bf4 f5 3. Nf3 Nf6 4. e3 Be7 5. h3 O-O 6. Bd3 b6 7.
Nbd2 Bb7 8. c3 h6 9. Qc2 d6 10. O-O-O Nbd7 11. Rdg1 Nh5 12. Bxh6 gxh6 13. g4 fxg4 14.
hxg4 Bxf3 15. gxh5+ Bg5 16. Nxf3 Rxf3 17. Be4 Qf8 18.
Bxa8 Qxa8 19. Qg6+ Kh8 20. Rxg5 hxg5 21. Qh6+ Kg8 22.
Qxg5+ Kf8 23. Rg1 Ke8 24. h6 Qe4 25. Qh5+ Kf8 26. h7 Ke7 27. h8=Q d5 28. Q8h7+ 1-0

[Event "*** Titled Tuesday Blitz"]
[Site "Chess.com"]
[Date "2019.08.06"]
[Round "6"]
[White "Oleg_Papayan"]
[Black "ArnaudovP"]
[Result "0-1"]
[WhiteElo "2514"]
[BlackElo "2666"]
[TimeControl "180+2"]
[EndTime "14:21:39 PDT"]
[Termination "ArnaudovP won by resignation"]

1. e4 e5 2. Nf3 Nc6 3. Bb5 a6 4. Bxc6 dxc6 5. Nc3 f6 6. d4 exd4 7. Qxd4 Qxd4 8. Nxd4 Bd7 9. Be3 O-O-O 10. O-O-O Re8 11. Nb3 Bb4 12. f3 Bxc3 13. bxc3 b6 14. c4 c5 15. Kb2 f5 16. Nd2 Bc6 17. Rde1 fxe4 18. fxe4 Nf6 19. Rhf1 Bxe4 20. Bg5 Bxg2 21. Rxe8+ Rxe8 22. Rf2 Bc6 23. Bxf6 gxf6 24. Rxf6 Re2 25. Rxc6 Rxd2 26. Rh6 Rd7 27.
Kc3 Kd8 28. Re6 Re7 29. Rf6 Ke8 30. Kd3 Rf7 31. Rh6 Kf8 32. Ke4 Kg7 33. Rc6 Rd7 34. Ke5 Kf7 35. c3 Ke8 36. h4 Re7+ 37. Re6 Kd7 38.
Rxe7+ Kxe7 39. a4 c6 40. h5 h6 41. Kf5 b5 42. axb5 cxb5 43. cxb5 axb5 44. Kg6 b4 45.
Kxh6 0-1

[Event "*** Titled Tuesday Blitz"]
[Site "Chess.com"]
[Date "2019.08.06"]
[Round "6"]
[White "WarlordX"]
[Black "Everyfishknows"]
[Result "1/2-1/2"]
[WhiteElo "2520"]
[BlackElo "2405"]
[TimeControl "180+2"]
[EndTime "14:21:48 PDT"]
[Termination "Game drawn by repetition"]

1. d4 Nf6 2. c4 e6 3. Nf3 Bb4+ 4. Nbd2 O-O 5. g3 d5 6. Bg2 c6 7. O-O Nbd7 8. a3 Be7 9. b3 b6 10.
Bb2 Bb7 11. Rc1 Rc8 12. Re1 c5 13. e3 cxd4 14. Nxd4 Nc5 15. Qe2 dxc4 16. Bxb7 Nxb7 17. Nxc4 Nc5 18. Red1 Qe8 19. a4 Nce4 20. Nb5 a6 21.
Bxf6 axb5 22. Bxe7 Qxe7 23. axb5 Qb4 24. Nxb6 Nc3 25.
Qe1 Qxb5 26. Nxc8 Ne2+ 27. Kg2 Qb7+ 28. Kh3 Nxc1 29. Ne7+ Qxe7 30. Rxc1 g6 31. b4 Rb8 32.
Rb1 Rb5 33. Qc3 Qb7 34. e4 Qxe4 35. Qc8+ Kg7 36. Qc3+ Kg8 37. Qc8+ Kg7 38. Qc3+ Kg8 1/2-1/2

[Event "*** Titled Tuesday Blitz"]
[Site "Chess.com"]
[Date "2019.08.06"]
[Round "6"]
[White "nitpicker"]
[Black "ClockworkKubrick"]
[Result "1-0"]
[WhiteElo "2241"]
[BlackElo "2169"]
[TimeControl "180+2"]
[EndTime "14:21:48 PDT"]
[Termination "nitpicker won by resignation"]

1. e4 d6 2. d4 Nf6 3. Nc3 g6 4. h3 Bg7 5. Nge2 O-O 6. Be3 c6 7. a4 e5 8. g4 Nbd7 9. Bg2 a6 10.
O-O Rb8 11. a5 b5 12. axb6 Nxb6 13. b3 Nbd7 14. Ng3 c5 15. dxc5 dxc5 16. g5 Ne8 17. Bxc5 Bb7 18. Bxf8 Bxf8 19. h4 Nc7 20. Nd5 Ne6 21. Qg4 Bg7 22. Rad1 Qe8 23. Bh3 Ndc5 24. Ne2 Bxd5 25. exd5 Nd4 26. Nxd4 exd4 27. Rfe1 Qd8 28.
Bg2 Qd6 29. Qg3 Qd8 30. d6 Nd7 31. Bd5 Rb6 32. Qf3 Ne5 33. Rxe5 Bxe5 34. Qxf7+ Kh8 35.
d7 Rb8 36. Re1 Qc7 37. Qe8+ Kg7 38. Rxe5 1-0

[Event "*** Titled Tuesday Blitz"]
[Site "Chess.com"]
[Date "2019.08.06"]
[Round "6"]
[White "David_Paravyan"]
[Black "Zhuu96"]
[Result "0-1"]
[WhiteElo "2895"]
[BlackElo "2957"]
[TimeControl "180+2"]
[EndTime "14:21:50 PDT"]
[Termination "Zhuu96 won by resignation"]

1. d4 Nf6 2. Nf3 e6 3. c4 d5 4.
Nc3 c6 5. e3 Nbd7 6. Qc2 Bd6 7.
Be2 b6 8. O-O Bb7 9. b3 O-O 10.
Bb2 c5 11. cxd5 exd5 12. dxc5 bxc5 13. Rfd1 Rc8 14. Rac1 Qe7 15. Qf5 Bb8 16. Na4 d4 17. Bb5 Bxf3 18. Qxf3 Ne5 19. Qh3 Neg4 20. Be2 Bxh2+ 21.
Kf1 Nxf2 22. Qxh2 Nxd1 23. Rxd1 Nd5 24. Bd3 Nxe3+ 25. Kg1 g6 26. Re1 Rfe8 27. Qf4 Nxg2 28. Rxe7 Nxf4 29. Rxe8+ Rxe8 30. Bc4 d3 31. Nc3 d2 32. Kf2 Re1 33. Kf3 Rc1 34. Kxf4 Rxc3 35. Be2 Rc1 0-1

[Event "*** Titled Tuesday Blitz"]
[Site "Chess.com"]
[Date "2019.08.06"]
[Round "6"]
[White "Kawhi_Leonard2"]
[Black "Poghosyan_Suren"]
[Result "1-0"]
[WhiteElo "2334"]
[BlackElo "2447"]
[TimeControl "180+2"]
[EndTime "14:21:51 PDT"]
[Termination "Kawhi_Leonard2 won by resignation"]

1. e4 e6 2. d4 d5 3. Nd2 Nc6 4. Ngf3 Nf6 5. e5 Nd7 6. Be2 f6 7. exf6 Qxf6 8. Nf1 Bd6 9. Ne3 O-O 10. O-O Ne7 11. c4 c6 12. Ng4 Qf7 13. h3 Ng6 14. Bd3 Nf4 15. Ng5 Qh5 16. Bxh7+ Kh8 17. Bxf4 Bxf4 18. Nxe6 Qxh7 19. Nxf8 Nxf8 20. cxd5 cxd5 21.
Qf3 Bd6 22. Qxd5 Bc7 23. Ne5 Be6 24. Qxb7 Rc8 25. Rfe1 Bxe5 26. Rxe5 Rd8 27. Rae1 Qg6 28. Qe4 Qxe4 29. R5xe4 Bxa2 30. Re8 Rxe8 31. Rxe8 Kg8 32. Ra8 a5 33. Rxa5 Ne6 34. Rxa2 Nxd4 35. b4 Kf8 36. Rd2 Nc6 37. b5 Na5 38. b6 Ke7 39. g3 Nb7 40. Kg2 Ke6 41. Kf3 g6 42. h4 Kf5 43.
Rd7 Nc5 44. Rd5+ 1-0